[Event "Marienbad A1-GM 2024"]
[Site "Marianske Lazne"]
[Date "2024.01.13"]
[Round "1.1"]
[White "Pang, Tao"]
[Black "Kusa, Jakub"]
[Result "1-0"]
[ECO "D31"]
[WhiteElo "2430"]
[BlackElo "2350"]
[Annotator "ChessBase"]
[PlyCount "87"]
[EventDate "2024.01.10"]
[EventType "tourn"]
[EventCountry "CZE"]
[SourceTitle "playchess.com"]
[Source "ChessBase"]
[SourceQuality "1"]
[TimeControl "40/5400+30:1800+30"]

1. c4 e6 2. Nc3 d5 3. d4 a6 4. cxd5 exd5 5. Nf3 Nf6 6. Bg5 Be6 7. e3 Nbd7 8. h3 c6 9. Bd3 Bd6 10. Bf4 Qc7 11. Bxd6 Qxd6 12. Qc2 h6 13. O-O O-O 14. Rfc1 Nb6 15. Rab1 Qc7 16. a4 Ne8 17. a5 Nd7 18. b4 Nd6 19. Na4 Rfe8 20. Ne5 Rad8 21. Nc5 Nf8 22. Nxa6 bxa6 23. Bxa6 Bf5 24. Bd3 Bxd3 25. Qxd3 Rxe5 26. dxe5 Nc4 27. f4 Ne6 28. Kh1 c5 29. a6 cxb4 30. Rxb4 Qa5 31. Rcb1 Qxa6 32. Rb8 Qa5 33. Kh2 Qc7 34. Rxd8+ Qxd8 35. Rb5 Nc7 36. Rc5 Qe7 37. Rc6 g6 38. e4 Na5 39. Rc1 d4 40. Qxd4 Ne6 41. Qd5 Nb7 42. f5 Nf8 43. Rc8 Kh7 44. f6 1-0

[Event "Marienbad A1-GM 2024"]
[Site "Marianske Lazne"]
[Date "2024.01.13"]
[Round "1.2"]
[White "Natsidis, Christoph"]
[Black "Neuman, Petr"]
[Result "1/2-1/2"]
[ECO "D10"]
[WhiteElo "2324"]
[BlackElo "2398"]
[Annotator "TA"]
[PlyCount "24"]
[EventDate "2024.01.10"]
[EventType "tourn"]
[EventCountry "CZE"]
[SourceTitle "playchess.com"]
[Source "ChessBase"]
[SourceQuality "1"]
[TimeControl "40/5400+30:1800+30"]

1. d4 d5 2. c4 c6 3. cxd5 cxd5 4. Nc3 Nf6 5. Bf4 Nc6 6. e3 Bg4 7. Qb3 Na5 8. Bb5+ Bd7 9. Qa4 e6 {[%emt 0:02:04] The position is equal.} 10. Nf3 a6 11. Bxd7+ Nxd7 12. O-O Be7 {[%emt 0:01:09] A rather calm draw.   Weighted Error Value: White=0.07 (flawless) /Black=0.00 (flawless) .  OK:         	White=3     	Black=2} 1/2-1/2

[Event "Marienbad A1-GM 2024"]
[Site "Marianske Lazne"]
[Date "2024.01.13"]
[Round "1.3"]
[White "Stein, Robert"]
[Black "Samani, Yamac"]
[Result "0-1"]
[ECO "E06"]
[WhiteElo "2429"]
[BlackElo "2380"]
[Annotator "ChessBase"]
[PlyCount "94"]
[EventDate "2024.01.10"]
[EventType "tourn"]
[EventCountry "CZE"]
[SourceTitle "playchess.com"]
[Source "ChessBase"]
[SourceQuality "1"]
[TimeControl "40/5400+30:1800+30"]

1. d4 Nf6 2. c4 e6 3. g3 d5 4. Bg2 Be7 5. Nf3 O-O 6. O-O dxc4 7. Qc2 a6 8. a4 Bd7 9. Qxc4 Bc6 10. Bg5 Nbd7 11. Nc3 h6 12. Bxf6 Nxf6 13. Rfe1 Bd5 14. Qd3 Bxf3 15. Bxf3 c6 16. e3 a5 17. h4 h5 18. Red1 g6 19. Qc2 Qb6 20. Rac1 Rac8 21. Ne2 Nd5 22. Bxd5 exd5 23. Nf4 Qd8 24. Qb3 Rb8 25. e4 Bd6 26. e5 Bb4 27. Qd3 Re8 28. Rc2 Bf8 29. Re2 Bh6 30. Nh3 Re6 31. Rde1 b5 32. axb5 Rxb5 33. f4 Qb6 34. Re3 Rxb2 35. Ng5 Bxg5 36. hxg5 Qb4 37. Qc3 Rd2 38. Rc1 Rxd4 39. Qxb4 axb4 40. Rb3 h4 41. Kf2 Kf8 42. Kf3 hxg3 43. Kxg3 Ke7 44. Kg4 Kd7 45. Ra1 Rxe5 46. Ra7+ Ke6 47. Rh3 Ree4 0-1

[Event "Marienbad A1-GM 2024"]
[Site "Marianske Lazne"]
[Date "2024.01.13"]
[Round "1.4"]
[White "Haba, Petr"]
[Black "Stefansson, Hannes"]
[Result "1/2-1/2"]
[ECO "C67"]
[WhiteElo "2437"]
[BlackElo "2498"]
[Annotator "RC"]
[PlyCount "31"]
[EventDate "2024.01.10"]
[EventType "tourn"]
[EventCountry "CZE"]
[SourceTitle "playchess.com"]
[Source "ChessBase"]
[SourceQuality "1"]
[TimeControl "40/5400+30:1800+30"]

1. e4 e5 2. Nf3 Nc6 3. Bb5 Nf6 4. O-O Nxe4 5. Re1 Nd6 6. Nxe5 Nxe5 7. Rxe5+ Be7 8. Bf1 O-O 9. Nc3 Bf6 10. Re1 Ne8 11. Nd5 Bg5 12. d4 Bxc1 13. Rxc1 d6 14. Ne7+ Kh8 15. Nxc8 Rxc8 16. c3 1/2-1/2

[Event "Marienbad A1-GM 2024"]
[Site "Marianske Lazne"]
[Date "2024.01.13"]
[Round "1.5"]
[White "Haring, Filip"]
[Black "Baenziger, Fabian"]
[Result "1-0"]
[ECO "C50"]
[WhiteElo "2432"]
[BlackElo "2414"]
[Annotator "RC"]
[PlyCount "59"]
[EventDate "2024.01.10"]
[EventType "tourn"]
[EventCountry "CZE"]
[SourceTitle "playchess.com"]
[Source "ChessBase"]
[SourceQuality "1"]
[TimeControl "40/5400+30:1800+30"]

1. e4 e5 2. Nf3 Nc6 3. Bc4 Nf6 4. d3 Bc5 5. O-O d6 6. c3 a6 7. Bb3 Ba7 8. Nbd2 O-O 9. Re1 h6 10. Nf1 Re8 11. Ng3 Be6 12. Bc2 d5 13. exd5 Bxd5 14. Nh4 Bc5 15. b4 Bf8 16. Nhf5 Qd7 17. a4 b5 18. Be3 Rad8 19. h3 Ne7 20. Nh4 g6 21. Ne4 Bg7 22. Qc1 Qc6 23. Nc5 g5 24. axb5 Qxb5 25. c4 Qxb4 26. Rb1 Qa5 27. Nb3 Qb4 28. Bc5 Qc3 29. Bxe7 Rxe7 30. Nf5 1-0

[Event "Marienbad A1-GM 2024"]
[Site "Marianske Lazne"]
[Date "2024.01.14"]
[Round "2.1"]
[White "Kusa, Jakub"]
[Black "Baenziger, Fabian"]
[Result "1/2-1/2"]
[ECO "D45"]
[WhiteElo "2350"]
[BlackElo "2414"]
[Annotator "RC"]
[PlyCount "129"]
[EventDate "2024.01.10"]
[EventType "tourn"]
[EventCountry "CZE"]
[SourceTitle "playchess.com"]
[Source "ChessBase"]
[SourceQuality "1"]
[TimeControl "40/5400+30:1800+30"]

1. Nf3 d5 2. e3 Nf6 3. c4 c6 4. Nc3 e6 5. d4 Nbd7 6. Qc2 Bd6 7. Bd3 O-O 8. O-O dxc4 9. Bxc4 b5 10. Be2 Bb7 11. e4 e5 12. dxe5 Nxe5 13. Nd4 Neg4 14. Nf5 Bxh2+ 15. Kh1 Bb8 16. Bg5 Bc8 17. Rad1 Qc7 18. Nd6 Be6 19. Bxf6 Nxf6 20. e5 Nd5 21. Bf3 Qd8 22. Nxd5 cxd5 23. Bxd5 Bxd6 24. exd6 Rc8 25. Qe4 Qd7 26. Rfe1 Rfe8 27. Bxe6 Rxe6 28. Qd5 Rce8 29. Rxe6 Rxe6 30. Qc5 Re8 31. Qc7 Rd8 32. Rd5 h6 33. a3 Kh7 34. Qc2+ g6 35. Qd2 Qe6 36. d7 a6 37. Qd4 h5 38. Kh2 Kg8 39. Rd6 Qf5 40. Rd5 Qe6 41. b3 Kh7 42. a4 bxa4 43. bxa4 a5 44. Qd2 Qg4 45. Rd4 Qf5 46. g3 Qf6 47. Kg1 Qe5 48. Kg2 Qf5 49. Kg1 Qe5 50. Qd3 Kg7 51. Kg2 Qf6 52. Rd6 Qe5 53. Rd5 Qe6 54. Qc3+ Kh7 55. Qxa5 Rxd7 56. Rxd7 Qxd7 57. Qb5 Qd4 58. a5 Qe4+ 59. Kh2 Qf3 60. Qb6 h4 61. a6 hxg3+ 62. fxg3 Qe2+ 63. Kg1 Qe1+ 64. Kg2 Qe2+ 65. Kg1 1/2-1/2

[Event "Marienbad A1-GM 2024"]
[Site "Marianske Lazne"]
[Date "2024.01.14"]
[Round "2.2"]
[White "Stefansson, Hannes"]
[Black "Haring, Filip"]
[Result "0-1"]
[ECO "B12"]
[WhiteElo "2498"]
[BlackElo "2432"]
[Annotator "RC"]
[PlyCount "74"]
[EventDate "2024.01.10"]
[EventType "tourn"]
[EventCountry "CZE"]
[SourceTitle "playchess.com"]
[Source "ChessBase"]
[SourceQuality "1"]
[TimeControl "40/5400+30:1800+30"]

1. e4 c6 2. d4 d5 3. e5 Bf5 4. Nd2 e6 5. Nb3 Nd7 6. Nf3 h6 7. Be2 Ne7 8. O-O g5 9. Ne1 Qc7 10. Bd2 Bg6 11. Rc1 Nf5 12. Bh5 Bxh5 13. Qxh5 Rg8 14. Nd3 Rg6 15. Qe2 Qb6 16. Bc3 Be7 17. a4 Qa6 18. a5 h5 19. Qe1 Qc4 20. Ra1 h4 21. Nd2 Qb5 22. b4 g4 23. a6 b6 24. g3 O-O-O 25. Qe2 Rh8 26. Kg2 Bg5 27. Rfd1 Nf8 28. Nf1 Qc4 29. Bb2 Be7 30. c3 Nh7 31. Nf4 Qxe2 32. Nxe2 Ng5 33. Nd2 Rgh6 34. Rh1 f6 35. exf6 Rxf6 36. Rae1 Nf3 37. Nf4 Nxd2 0-1

[Event "Marienbad A1-GM 2024"]
[Site "Marianske Lazne"]
[Date "2024.01.14"]
[Round "2.3"]
[White "Samani, Yamac"]
[Black "Haba, Petr"]
[Result "1/2-1/2"]
[ECO "D27"]
[WhiteElo "2380"]
[BlackElo "2437"]
[Annotator "RC"]
[PlyCount "57"]
[EventDate "2024.01.10"]
[EventType "tourn"]
[EventCountry "CZE"]
[SourceTitle "playchess.com"]
[Source "ChessBase"]
[SourceQuality "1"]
[TimeControl "40/5400+30:1800+30"]

1. Nf3 d5 2. e3 Nf6 3. c4 dxc4 4. Bxc4 e6 5. O-O c5 6. d4 a6 7. Nc3 b5 8. Bb3 Bb7 9. e4 cxd4 10. Nxd4 Nc6 11. Nxc6 Bxc6 12. Qe2 Be7 13. Rd1 Nd7 14. Nd5 O-O 15. Nxe7+ Qxe7 16. e5 Rfc8 17. Bf4 Nf8 18. Bg3 a5 19. Rac1 a4 20. Bc2 Qb7 21. f3 Bd5 22. a3 Rxc2 23. Rxc2 Bb3 24. Rd4 Bxc2 25. Qxc2 Rd8 26. Rd6 Rxd6 27. exd6 Qd5 28. h3 f6 29. Qc7 1/2-1/2

[Event "Marienbad A1-GM 2024"]
[Site "Marianske Lazne"]
[Date "2024.01.14"]
[Round "2.4"]
[White "Neuman, Petr"]
[Black "Stein, Robert"]
[Result "1-0"]
[ECO "C45"]
[WhiteElo "2398"]
[BlackElo "2429"]
[Annotator "RC"]
[PlyCount "151"]
[EventDate "2024.01.10"]
[EventType "tourn"]
[EventCountry "CZE"]
[SourceTitle "playchess.com"]
[Source "ChessBase"]
[SourceQuality "1"]
[TimeControl "40/5400+30:1800+30"]

1. e4 e5 2. Nf3 Nc6 3. d4 exd4 4. Nxd4 Bc5 5. Nxc6 bxc6 6. Bd3 d6 7. Qf3 Qf6 8. Nc3 Qxf3 9. gxf3 Ne7 10. Be3 Bxe3 11. fxe3 f5 12. e5 dxe5 13. Rg1 Kf7 14. Bc4+ Kf6 15. O-O-O Ng6 16. Na4 Nh4 17. f4 Nf3 18. Rg3 e4 19. h3 g5 20. Nc5 h6 21. a4 Re8 22. a5 g4 23. h4 h5 24. Rg2 Kg6 25. Rgd2 Nxd2 26. Rxd2 Kf6 27. Kd1 Rb8 28. b3 Ke7 29. Ke2 Rd8 30. Rd4 Rd6 31. Kf2 Bd7 32. c3 Be8 33. b4 Bf7 34. Be2 Rxd4 35. exd4 e3+ 36. Kxe3 g3 37. Kf3 Rg8 38. Kg2 Bd5+ 39. Kg1 g2 40. c4 Be4 41. Bd3 Bxd3 42. Nxd3 Kd6 43. Ne5 Rg7 44. a6 Rg3 45. Nf7+ Ke6 46. Ne5 Ra3 47. Nxc6 Rxa6 48. d5+ Kf6 49. Kxg2 Ra2+ 50. Kf3 Ra3+ 51. Ke2 a6 52. Nb8 a5 53. bxa5 Rxa5 54. Nd7+ Ke7 55. Ne5 Kd6 56. Kd3 Ra1 57. Kd4 Re1 58. c5+ Ke7 59. c6 Kd8 60. Kc5 Rc1+ 61. Kd4 Rd1+ 62. Kc5 Ke8 63. Nc4 Ke7 64. Ne3 Rc1+ 65. Kd4 Kf6 66. Nc4 Rd1+ 67. Kc5 Ke7 68. Ne3 Rc1+ 69. Kd4 Kf6 70. Nc4 Rf1 71. d6 Rd1+ 72. Kc3 Rc1+ 73. Kd3 Rd1+ 74. Kc2 Rd4 75. Kc3 Re4 76. dxc7 1-0

[Event "Marienbad A1-GM 2024"]
[Site "Marianske Lazne"]
[Date "2024.01.14"]
[Round "2.5"]
[White "Pang, Tao"]
[Black "Natsidis, Christoph"]
[Result "1/2-1/2"]
[ECO "D37"]
[WhiteElo "2430"]
[BlackElo "2324"]
[Annotator "RC"]
[PlyCount "104"]
[EventDate "2024.01.10"]
[EventType "tourn"]
[EventCountry "CZE"]
[SourceTitle "playchess.com"]
[Source "ChessBase"]
[SourceQuality "1"]
[TimeControl "40/5400+30:1800+30"]

1. d4 d5 2. c4 e6 3. Nf3 Nf6 4. Nc3 dxc4 5. e4 b5 6. e5 Nd5 7. Nxb5 Nb6 8. Be2 Nc6 9. O-O Rb8 10. Be3 Be7 11. Qc1 O-O 12. Rd1 Nb4 13. Na3 Nd3 14. Bxd3 cxd3 15. Rxd3 Bb7 16. Bg5 Bxg5 17. Nxg5 h6 18. Nh3 c5 19. Nb5 Ba6 20. Rg3 Kh8 21. Nd6 cxd4 22. Qf4 d3 23. Nxf7+ Rxf7 24. Qxf7 Rb7 25. Qh5 Nd5 26. Ng5 Nf4 27. Nf7+ Rxf7 28. Qxf7 Ne2+ 29. Kh1 Nxg3+ 30. hxg3 d2 31. Qf3 Bb7 32. Qb3 Ba6 33. Qf3 Bd3 34. Qd1 Ba6 35. a4 Qd4 36. Qc2 Be2 37. Qc8+ Kh7 38. Qc2+ Kh8 39. Qc8+ Kh7 40. Qc2+ Kg8 41. Qc8+ Kf7 42. Qc7+ Kf8 43. Qb8+ Ke7 44. f4 d1=Q+ 45. Rxd1 Qxd1+ 46. Kh2 Qxa4 47. Qg8 Qe8 48. Qxg7+ Qf7 49. Qxh6 Qh5+ 50. Qxh5 Bxh5 51. Kh3 Be2 52. g4 Kf7 1/2-1/2

[Event "Marienbad A1-GM 2024"]
[Site "Marianske Lazne"]
[Date "2024.01.15"]
[Round "3.1"]
[White "Natsidis, Christoph"]
[Black "Kusa, Jakub"]
[Result "1/2-1/2"]
[ECO "D30"]
[WhiteElo "2324"]
[BlackElo "2350"]
[Annotator "ChessBase"]
[PlyCount "57"]
[EventDate "2024.01.10"]
[EventType "tourn"]
[EventCountry "CZE"]
[SourceTitle "playchess.com"]
[Source "ChessBase"]
[SourceQuality "1"]
[TimeControl "40/5400+30:1800+30"]

1. d4 d5 2. c4 e6 3. Nf3 h6 4. Nc3 Nf6 5. e3 Be7 6. Bd3 O-O 7. O-O c5 8. dxc5 Bxc5 9. a3 Nc6 10. b4 Bd6 11. Bb2 a6 12. cxd5 exd5 13. Ne2 Ne4 14. Ned4 Ne5 15. Nxe5 Bxe5 16. Qh5 Re8 17. Rad1 Nf6 18. Qe2 Bg4 19. f3 Bd7 20. Qf2 Qc7 21. Qh4 Qb6 22. Kh1 Rac8 23. g4 Bb5 24. Bxb5 axb5 25. g5 hxg5 26. Qxg5 Nh7 27. Qg2 g6 28. f4 Bg7 29. f5 1/2-1/2

[Event "Marienbad A1-GM 2024"]
[Site "Marianske Lazne"]
[Date "2024.01.15"]
[Round "3.2"]
[White "Stein, Robert"]
[Black "Pang, Tao"]
[Result "1-0"]
[ECO "E04"]
[WhiteElo "2429"]
[BlackElo "2430"]
[Annotator "TA"]
[PlyCount "103"]
[EventDate "2024.01.10"]
[EventType "tourn"]
[EventCountry "CZE"]
[SourceTitle "playchess.com"]
[Source "ChessBase"]
[SourceQuality "1"]
[TimeControl "40/5400+30:1800+30"]

1. d4 d5 2. c4 e6 3. Nf3 Nf6 4. g3 dxc4 5. Bg2 Bb4+ 6. Bd2 a5 7. Qc2 {[%emt 0:01:46] E04: Open Catalan: 5 Nf3.} Bxd2+ 8. Qxd2 c6 9. Ne5 {[%emt 0:03:11] The position is equal.} b5 $1 10. a4 {[%emt 0:03:15] axb5 would be deadly.} Nd5 11. Nc3 f6 12. Nf3 {[%emt 0:04:22] [#]} O-O $146 ({Predecessor:} 12... Qb6 13. O-O O-O 14. e4 Nb4 15. axb5 cxb5 16. d5 e5 17. Kh1 N8a6 18. Ne1 Nc5 {0-1 Stigar,P (2225)-Skrondal,I (2258) NOR-chT 1415 2014 (3.2)}) 13. axb5 Nxc3 14. bxc3 cxb5 15. O-O Ra7 (15... a4 $17) 16. Rfb1 Bd7 17. d5 (17. Qe3 $11 {remains equal.}) 17... e5 $1 $17 18. Qe3 Ra8 (18... Ra6 $17) 19. Nd2 (19. d6 $1 $11 {deserves consideration.} Bc6 20. Qc5) 19... a4 $1 $15 20. Ne4 (20. d6 $15 Ra5 21. Rd1) 20... Na6 $17 21. d6 Kh8 (21... Rb8 $17 22. Nc5 Nxc5 23. Qxc5 Qa5) 22. Rd1 (22. Nd2 $15) 22... Rb8 23. Nc5 Nxc5 24. Qxc5 Qb6 25. Qb4 Rfc8 26. Rd5 {[%emt 0:01:01] Repels Qc5} Ra8 27. Qa3 Kg8 28. Rb1 Rab8 29. Qb4 Kf7 30. Rbd1 g6 31. h4 Ra8 32. Qa3 Rab8 33. Qb4 $1 Qa7 34. Qa3 Qa5 (34... Kg7 $17) 35. Kh2 (35. Rc5 $11 {keeps the balance.} Qd8 36. Qb4) 35... Qb6 36. Qc1 Kg7 {[%emt 0:00:26] Against Qh6+} (36... Qxf2 $6 37. Qh6 Rg8 38. Rf1 Qxe2 39. Rd2 $11) 37. f4 {[%emt 0:00:17] [#]} (37. h5 $17) 37... e4 $1 $19 38. R1d4 f5 39. Re5 Re8 {[%emt 0:01:31] ...b4 is the strong threat.} 40. Qd2 Kf7 {[%emt 0:04:48] Dodges Re7+} (40... Rxe5 $19 {has better winning chances.} 41. fxe5 Re8) 41. g4 $17 Rxe5 ({Better is} 41... Qd8 $17 42. Re7+ Rxe7 43. dxe7 Kxe7) 42. fxe5 $15 {[%emt 0:00:14] Black must now prevent gxf5.} Qd8 $1 (42... fxg4 $2 43. Qh6 Kg8 44. Bxe4 $18) 43. Qh6 Qf8 $1 (43... fxg4 {gets mated.} 44. Qxh7+ Ke6 45. Qxg6+ Kxe5 46. Rxe4+ Kd5 47. Re8+ (47. Rxg4+ Kc5 $16) 47... Kc5 48. Rxd8) 44. Qf4 (44. Qxh7+ $2 Qg7 45. Qxg7+ Kxg7 $19) ({White should play} 44. Qg5 $1 $15) 44... Kg8 (44... Kg7 $17 45. Qg3 Re8 46. gxf5 Qxf5) 45. gxf5 $1 $11 gxf5 {[%emt 0:02:33] And now ...Qg7 would win.} 46. Rd1 Re8 {[%emt 0:02:53] aiming for ...Qg7.} 47. Bh3 $1 {[%emt 0:02:40] Threatens to win with Rf1.} Kh8 $2 {[%emt 0:02:05][%mdl 8192] [#]} (47... Qf7 $11 {and Black stays safe.} 48. Rf1 Rf8) 48. e6 $1 $18 Rxe6 {[%emt 0:01:23] Hoping for ...Re8.} 49. Qxf5 Qh6 (49... Qxf5 $142 50. Bxf5 Rxd6 51. Rxd6 Bxf5) 50. Qg5 Rxd6 51. Qd8+ (51. Bxd7 $2 {is the wrong capture.} Qxg5 52. hxg5 Rxd1 $19) 51... Kg7 52. Qe7+ {[%emt 0:00:13] Quite a comeback for White.   Weighted Error Value: White=0.16 (very precise) /Black=0.35} 1-0

[Event "Marienbad A1-GM 2024"]
[Site "Marianske Lazne"]
[Date "2024.01.15"]
[Round "3.3"]
[White "Haba, Petr"]
[Black "Neuman, Petr"]
[Result "1/2-1/2"]
[ECO "C41"]
[WhiteElo "2437"]
[BlackElo "2398"]
[Annotator "ChessBase"]
[PlyCount "51"]
[EventDate "2024.01.10"]
[EventType "tourn"]
[EventCountry "CZE"]
[SourceTitle "playchess.com"]
[Source "ChessBase"]
[SourceQuality "1"]
[TimeControl "40/5400+30:1800+30"]

1. d4 d6 2. e4 Nf6 3. Nc3 e5 4. Nf3 Nbd7 5. Bc4 Be7 6. O-O O-O 7. a4 c6 8. Re1 b6 9. Ba2 a6 10. h3 Rb8 11. Be3 b5 12. axb5 axb5 13. b4 Bb7 14. Rb1 Ra8 15. Bb3 Qc7 16. Nh4 g6 17. Bh6 Rfe8 18. Nf3 Bf8 19. Qd2 Bg7 20. Rbd1 Re7 21. dxe5 dxe5 22. Qg5 Bxh6 23. Qxh6 Nf8 24. Ng5 Nh5 25. Rd3 Kh8 26. g3 1/2-1/2

[Event "Marienbad A1-GM 2024"]
[Site "Marianske Lazne"]
[Date "2024.01.15"]
[Round "3.4"]
[White "Haring, Filip"]
[Black "Samani, Yamac"]
[Result "1-0"]
[ECO "B30"]
[WhiteElo "2432"]
[BlackElo "2380"]
[Annotator "ChessBase"]
[PlyCount "69"]
[EventDate "2024.01.10"]
[EventType "tourn"]
[EventCountry "CZE"]
[SourceTitle "playchess.com"]
[Source "ChessBase"]
[SourceQuality "1"]
[TimeControl "40/5400+30:1800+30"]

1. e4 c5 2. Nf3 Nc6 3. Bb5 e5 4. O-O Be7 5. Nc3 d6 6. a4 Nf6 7. Re1 O-O 8. d3 Nd4 9. Nd2 Bg4 10. f3 Be6 11. Bc4 Nh5 12. Nf1 Bg5 13. Ne3 Nf4 14. Ncd5 Bh4 15. g3 Nh3+ 16. Kg2 Ng5 17. Rf1 Bh3+ 18. Kh1 Bxf1 19. Qxf1 Bxg3 20. hxg3 Ndxf3 21. Nf5 Re8 22. Kg2 Re6 23. Be3 Kh8 24. c3 Qd7 25. Bb5 Qc8 26. Qh1 a6 27. Bc4 b5 28. axb5 axb5 29. Nb6 Rxa1 30. Qxa1 Qf8 31. Bxe6 fxe6 32. Bxg5 Nxg5 33. Nd7 Qd8 34. Nxd6 h6 35. Qa7 1-0

[Event "Marienbad A1-GM 2024"]
[Site "Marianske Lazne"]
[Date "2024.01.15"]
[Round "3.5"]
[White "Baenziger, Fabian"]
[Black "Stefansson, Hannes"]
[Result "0-1"]
[ECO "D45"]
[WhiteElo "2414"]
[BlackElo "2498"]
[Annotator "TA"]
[PlyCount "64"]
[EventDate "2024.01.10"]
[EventType "tourn"]
[EventCountry "CZE"]
[SourceTitle "playchess.com"]
[Source "ChessBase"]
[SourceQuality "1"]
[TimeControl "40/5400+30:1800+30"]

1. d4 d5 2. c4 c6 3. Nf3 Nf6 4. Nc3 e6 5. e3 a6 6. b3 Bb4 7. Bd2 Qe7 {[%emt 0:01:20] D45: Semi-Slav: 5 e3.} 8. Bd3 O-O 9. O-O Nbd7 {[%emt 0:00:47] The position is equal.} 10. Qc2 e5 $1 {[%emt 0:02:42] 10...e5 scores better than 10...h6.} 11. dxe5 (11. Nxe5 {feels hotter.} Nxe5 12. dxe5 Qxe5 13. Nxd5 Nxd5 14. cxd5 Bxd2 15. Qxd2 Qxd5 16. Qc3) 11... Nxe5 12. Nxe5 Qxe5 {[%emt 0:00:08] [#]} 13. Nxd5 $1 Nxd5 14. cxd5 {[%emt 0:00:05][%mdl 64] Discovered Attack} Bxd2 15. Qxd2 {[%emt 0:00:05] And now dxc6 would win.} Qxd5 {[%emt 0:00:41] Hoping for ...Bf5.} 16. Qc2 g6 (16... h6 {with more complications.} 17. Qc3 Qd6 18. Rad1 Qc7) 17. Rad1 Qe5 {[%emt 0:02:17] [#]} 18. Be4 $146 ({Predecessor:} 18. h3 Qe7 19. Qc3 Be6 20. Bc4 {½-½ Kuzubov,Y (2647)-Banusz,T (2612) SRB-chT Valjevo 2018 (8.2)}) 18... Qe7 19. Rd4 Be6 20. Rfd1 Rac8 21. b4 c5 22. bxc5 Rxc5 23. Qd2 Rc4 24. a4 b5 25. axb5 axb5 26. Qb2 b4 27. Bb1 (27. Rxc4 $15 Bxc4 28. Rd4) 27... Rxd4 $17 28. Qxd4 Rc8 29. h3 b3 30. Qb6 (30. f4 $17) 30... Qf6 $19 31. Qa5 (31. f4 {keeps fighting.}) 31... b2 {[%emt 0:00:29] [#] ...Bb3 is the strong threat.} 32. Qa3 {[%emt 0:00:05] Dodges Bb3} Kg7 {[%emt 0:01:14] Weighted Error Value: White=0.19 (very precise) /Black=0.02 (flawless)} 0-1

[Event "Marienbad A1-GM 2024"]
[Site "Marianske Lazne"]
[Date "2024.01.16"]
[Round "4.1"]
[White "Kusa, Jakub"]
[Black "Stefansson, Hannes"]
[Result "1/2-1/2"]
[ECO "E10"]
[WhiteElo "2350"]
[BlackElo "2498"]
[Annotator "TA"]
[PlyCount "136"]
[EventDate "2024.01.10"]
[EventType "tourn"]
[EventCountry "CZE"]
[SourceTitle "playchess.com"]
[Source "ChessBase"]
[SourceQuality "1"]
[TimeControl "40/5400+30:1800+30"]

1. d4 Nf6 2. c4 e6 3. Nf3 d5 4. g3 Bb4+ 5. Bd2 Be7 6. Bg2 O-O 7. O-O c6 8. Qc2 a5 {[%emt 0:00:24] E11: Bogo-Indian.} 9. Bf4 a4 {[%emt 0:01:28] [#]} 10. Ne5 $146 ({Predecessor:} 10. Nbd2 Nh5 11. Be3 Nf6 12. Rfd1 Nbd7 13. c5 b6 14. cxb6 Qxb6 15. Rac1 Ba6 16. Nb1 {1-0 Barp,A (2429)-Urazayev,A (2460) Titled Tuesday intern op 14th Feb Early blitz 2023 (7)}) 10... Nbd7 11. Nd2 Nxe5 12. Bxe5 Ng4 13. Nf3 Nxe5 14. Nxe5 Qa5 15. Rfd1 Bd6 16. Nd3 Bd7 17. Rac1 Rfd8 18. e3 Be8 (18... dxc4 {with more complications.} 19. Qxc4 e5 20. Nc5 Bxc5 21. Qxc5 Be6) 19. Bf1 f6 20. cxd5 cxd5 21. Qc3 Qxc3 22. Rxc3 Rdc8 23. Rdc1 Rxc3 24. Rxc3 Bc6 25. a3 Kf7 26. Nb4 Bd7 27. Bd3 Ra5 28. Kf1 (28. Bxh7 $2 g6 29. Rc2 Kg7 30. Bxg6 Kxg6 $19) 28... g5 29. Ke2 h5 30. b3 (30. Kd2 $11) 30... h4 31. bxa4 Bxa4 32. Bc2 Bd7 33. Bd3 Ke7 34. Rb3 f5 35. Nc2 Bc6 36. Kd2 Kd7 37. Kc1 Kc7 38. Nb4 Ba4 39. Rc3+ Kb6 40. Kb2 Ra8 {[%emt 0:01:24] Dodges Rc8} 41. Bc2 (41. Rc1 $15) 41... Bb5 (41... Bxb4 $1 $19 42. axb4 Kb5) 42. Nd3 $17 Rh8 43. a4 (43. Rb3 $17 {is a better defense.} hxg3 44. hxg3) 43... Ba6 (43... Bc4 $19 {Threatens to win with ...Ka5.} 44. Kc1 Ka5) 44. Rb3+ Kc7 ({Black should try} 44... Ka7 $17 {And now ...hxg3 would win.} 45. Nc5 hxg3 46. hxg3 Rh2) 45. Kc3 $1 $15 Bc4 46. Rb2 $1 hxg3 47. hxg3 Ba3 {[%emt 0:00:00] This pair of bishops is nice.} 48. Rb1 Rh2 49. Rf1 (49. Ne5 $1 $11) 49... Bd6 50. Bb3 Ba6 51. Rc1 Kb6 52. Rc2 Rh8 53. Ne5 Ka5 54. Kb2 (54. Nf7 $15 Bb4+ 55. Kb2) 54... Bxe5 $19 55. dxe5 {[%emt 0:00:00][%mdl 4096] Endgame KRB-KRB} Kb4 56. Rd2 Rh2 $1 57. Bd1 Bc4 58. Kc1 Rh1 $1 59. Kb2 {[%emt 0:00:00] Wards off Bb3} Rh2 (59... g4 $19 60. Bc2 Rh2) 60. Kc1 $1 $17 Ka3 ({Better is} 60... Rg2 $17 61. Bf3 Rg1+ 62. Kb2 g4) 61. Rb2 $2 {[%emt 0:00:00][%mdl 8192] [#]} (61. f4 $11 Rh3 62. fxg5) 61... Rh1 $1 $19 {[%emt 0:00:16][%cal Oh1d1] ...Rxd1+! is the strong threat.} 62. Rxb7 {[%emt 0:01:44] [#] Black must now prevent Kd2.} d4 $2 63. Kd2 $11 (63. exd4 $2 {loses.} Be2 64. Kd2 (64. Rb3+ $2 Kxa4 65. Kd2 Rxd1+ $19) 64... Bxd1 $19) 63... dxe3+ (63... Bd5 $11 {remains equal.} 64. Rb5 Rh2) 64. fxe3 $16 {[%emt 0:00:15] a5 would be deadly.} Bd5 65. Rg7 (65. Rb5 $5 ) 65... Kb4 {[%emt 0:00:37] The position is equal.} 66. Rxg5 Rh2+ 67. Ke1 Rh1+ 68. Kd2 Rh2+ {[%emt 0:00:08] Weighted Error Value: White=0.18 (very precise) /Black=0.14 (very precise)} 1/2-1/2